 Dungeon Crawl Stone Soup version 0.29.1-12-g30fa7ad0bf (webtiles) character file.

Game seed: 9439869719098995146

200 soggyman666 the Trooper (level 5, -3/47 HPs)
             Began as a Minotaur Fighter on Dec 29, 2022.
             Killed from afar by an orc wizard (8 damage)
             ... with a magic dart
             ... on level 4 of the Dungeon.
             The game lasted 00:02:43 (2530 turns).

soggyman666 the Trooper (Minotaur Fighter)          Turns: 2530, Time: 00:02:44

Health: -3/47      AC: 11    Str: 22    XL:     5   Next: 48%
Magic:  4/4        EV: 10    Int:  5    God:
Gold:   90         SH:  4    Dex: 10    Spells: 4/4 levels left

rFire   . . .      SeeInvis .   a - +0 war axe
rCold   . . .      Faith    .   c - +0 buckler
rNeg    . . .      Spirit   .   b - +0 scale mail
rPois   .          Reflect  .   (helmet restricted)
rElec   .          Harm     .   (no cloak)
rCorr   +          Rampage  .   (no gloves)
Will    .....                   (no boots)
Stlth   ..........              (no amulet)
HPRegen 0.15/turn               p - +4 ring of protection
MPRegen 0.09/turn               r - ring of resist corrosion

@: no status effects
A: horns 2, retaliatory headbutt
a: no special abilities


You were on level 4 of the Dungeon.
You visited 1 branch of the dungeon, and saw 4 of its levels.

You collected 90 gold pieces.

Inventory:

Hand Weapons
 a - a +0 war axe (weapon)
Missiles
 m - 3 javelins (quivered)
Armour
 b - a +0 scale mail (worn)
 c - a +0 buckler (worn)
Jewellery
 p - a +4 ring of protection (left hand)
 r - a ring of resist corrosion (right hand)
Wands
 t - a wand of quicksilver (10)
Scrolls
 f - a scroll of teleportation
 l - a scroll of magic mapping {unknown}
 n - a scroll of amnesia {unknown}
 q - a scroll of brand weapon {unknown}
 s - 2 scrolls of butterflies {unknown}
 v - a scroll of fear {unknown}
Potions
 d - a potion of might
 e - a potion of flight {unknown}
 h - 3 potions of mutation {unknown}
 i - a potion of attraction {unknown}
 j - 2 potions of haste {unknown}
 o - a potion of curing {unknown}
 u - a potion of degeneration {unknown}


   Skills:
 + Level 4.6 Fighting
 * Level 4.0 Axes
 + Level 4.5 Armour
 + Level 2.3 Dodging
 + Level 4.6 Shields


You had 4 spell levels left.
You didn't know any spells.
Your spell library contained the following spells:

 Spells                   Type           Power      Damage    Failure   Level
 Necrotise                Necr           0%         1d4       87%         1
 Call Canine Familiar     Summ           0%         N/A       99%         3
 Portal Projectile        Hex/Tloc       0%         N/A       99%         3
 Vampiric Draining        Necr           0%         2d6       99%         3
 Leda's Liquefaction      Hex/Erth       0%         N/A       100%        4
 Agony                    Necr           0%         N/A       100%        5


Dungeon Overview and Level Annotations

Branches:
Dungeon (4/15)
 Temple: D:4-7

Altars:
Nemelex Xobeh


Innate Abilities, Weirdness & Mutations

You have a pair of horns on your head.
You reflexively headbutt those who attack you in melee.


Message History

You closely miss the orc wizard.
You headbutt the orc wizard, but do no damage.
The orc wizard is lightly wounded.
You closely miss the orc priest. The orc priest barely misses you.
You furiously retaliate!
You headbutt the orc priest.
The orc wizard hits you but does no damage.
Unknown command.
You hit the orc priest.
The orc priest is severely wounded.
You hit the orc wizard. You block the orc wizard's attack.
The orc priest closely misses you.
Unknown command.
You hit the orc priest.
You kill the orc priest!
You barely miss the orc wizard.
The orc wizard casts a spell.
The orc wizard flickers and vanishes!
Deactivating autopickup; reactivate with Ctrl-A.
Something hits you.
Your Axes skill increases to level 4!
You closely miss something. Something hits you but does no damage.
You slash something! Your headbutt misses something.
Something hits you but does no damage.
You miss something. Your headbutt misses something.
You hear some strange, mumbled words.
A puff of flame appears from out of thin air!
The puff of flame hits you.
* * * LOW HITPOINT WARNING * * *
You hear some strange, mumbled words.
A puff of flame appears from out of thin air!
The puff of flame hits you.
* * * LOW HITPOINT WARNING * * *
You miss something. Something hits you but does no damage.
You closely miss something. Something hits you but does no damage.
You hit something but do no damage. Something hits you.
* * * LOW HITPOINT WARNING * * *
You hear some strange, mumbled words.
A magic dart appears from out of thin air!
The magic dart hits you!
You die...

# # # ##### #
########>){################
.......#.#@................
$......#.##################
.......#.# # ......)#o##
....[.o...# ..........#
...........# ...........#
##...........


There were no monsters in sight!

Vanquished Creatures
  An orc priest (D:4)
  A hound (D:2)
  An orc wizard (D:4)
  5 adders
  2 worms
  2 dart slugs
  An orc (D:4)
  8 endoplasms
  2 giant cockroaches
  3 goblins (D:1)
  6 hobgoblins
  3 jackals (D:1)
  5 kobolds
  4 quokkas
  5 ball pythons
  6 bats
  6 rats
61 creatures vanquished.

Vanquished Creatures (others)
  2 plants (D:2)
2 creatures vanquished.

Grand Total: 63 creatures vanquished

Notes
Turn   | Place    | Note
-------+----------+-------------------------------------------
     0 | D:1      | soggyman666 the Minotaur Fighter began the quest for the
                  | Orb.
     0 | D:1      | Reached XP level 1. HP: 19/19 MP: 0/0
    70 | D:1      | Reached XP level 2. HP: 27/27 MP: 1/1
   886 | D:2      | Reached XP level 3. HP: 33/33 MP: 2/2
   915 | D:2      | Reached skill level 1 in Dodging
  1174 | D:2      | Reached XP level 4. HP: 40/40 MP: 3/3
  1803 | D:3      | Found a sparkling altar of Nemelex Xobeh.
  2508 | D:4      | Reached XP level 5. HP: 30/47 MP: 4/4
  2530 | D:4      | Killed from afar by an orc wizard

Illustrated notes

Levels and vault maps discovered:
D:1:      psy_arrival_radial01, layout_loops_cross
D:2:      layout_basic, guppyfry_early_lair_pool
D:3:      layout_loops_cross, mainiacjoe_overflow_24_doors
D:4:      layout_basic

Skill      XL: |  1  2  3  4  5 |
---------------+----------------+-----
Fighting       | 4 |  4.6
Shields        | 4 |  4.6
Dodging        | 1 2 |  2.3
Axes           | 3 4 |  4.0
Armour         | 4 |  4.5

Action                   |  1- 3 |  4- 6 || total
-------------------------+-------+-------++-------
Melee: War axe           |    58 |    86 ||   144
       Headbutt          |     9 |    10 ||    19
  Use: Scroll            |       |     4 ||     4
Armor: Scale mail        |    22 |    67 ||    89
Dodge: Dodged            |    31 |    38 ||    69
Block: Buckler           |    18 |    15 ||    33
